 Dungeon Crawl Stone Soup version 0.28-a0-653-g7e9dba17c3 (webtiles) character file.

Game seed: 11195912295942499586

56 KoroneIsBestGirl the Chiller (level 3, -1/24 HPs)
             Began as a Barachi Ice Elementalist on Oct 11, 2021.
             Was a Follower of Vehumet.
             Slain by a worm (7 damage)
             ... on level 2 of the Dungeon.
             The game lasted 00:02:47 (2478 turns).

KoroneIsBestGirl the Chiller (BaIE)                 Turns: 2478, Time: 00:02:48

Health: -1/24      AC:  2    Str:  9    XL:     3   Next: 97%
Magic:  1/7        EV: 12    Int: 16    God:    Vehumet [*.....]
Gold:   114        SH:  0    Dex: 12    Spells: 4/8 levels left

rFire   . . .      SeeInvis .   f - +0 dagger
rCold   . . .      Faith    .   (no shield)
rNeg    . . .      Spirit   .   a - +0 robe
rPois   +          Reflect  .   (no helmet)
rElec   .          Harm     .   (no cloak)
rCorr   .          Rampage  .   (no gloves)
Will    .....                   (no boots)
Stlth   ++........              (no amulet)
HPRegen 0.08/turn               j - ring of poison resistance
MPRegen 0.10/turn               (no ring)

@: freezing walls, very slightly contaminated, slow
A: amphibious, slowness 1, strong legs 1, +LOS
a: Hop, Renounce Religion


You were on level 2 of the Dungeon.
You worshipped Vehumet.
Vehumet was aware of your devotion.
You visited 1 branch of the dungeon, and saw 2 of its levels.

You collected 114 gold pieces.

Inventory:

Hand Weapons
 f - a +0 dagger (weapon)
Armour
 a - a +0 robe (worn)
Jewellery
 j - a ring of poison resistance (left hand)
Scrolls
 b - 3 scrolls of identify {unknown}
 e - a scroll of acquirement {unknown}
 g - 2 scrolls of fog {unknown}
 h - a scroll of torment {unknown}
 i - a scroll of teleportation {unknown}
Potions
 c - a potion of degeneration {unknown}
 d - a potion of attraction {unknown}


   Skills:
 + Level 3.1 Dodging
 - Level 1.7 Stealth
 + Level 3.0 Spellcasting
 + Level 5.4 Ice Magic


You had 4 spell levels left.
You knew the following spells:

 Your Spells              Type           Power      Damage    Failure   Level
a - Freeze                Ice            76%        1d9       1%          1
b - Frozen Ramparts       Ice            38%        1d5       6%          3

Your spell library contained the following spells:

 Spells                   Type           Power      Damage    Failure   Level
 Shock                    Conj/Air       8%         1d3       19%         1
 Ozocubu's Armour         Ice            19%        N/A       6%          3
 Animate Skeleton         Necr           4%         N/A       19%         1
 Apportation              Tloc           4%         N/A       19%         1
 Summon Small Mammal      Summ           8%         N/A       19%         1
 Hailstorm                Conj/Ice       11%        3d5       52%         4


Dungeon Overview and Level Annotations

Branches:
Dungeon (2/15)

Altars:
Vehumet


Innate Abilities, Weirdness & Mutations

You are amphibious.
You cover ground slowly.
You can hop short distances.
You have an extended range of vision and can be seen from far away.


Message History

You kill the rat!
Vehumet accepts your kill.
You can't see any susceptible monsters within range! (Use Z to cast anyway.)
You can't see any susceptible monsters within range! (Use Z to cast anyway.)
You can't see any susceptible monsters within range! (Use Z to cast anyway.)
Found 22 stones.
You see here 22 stones.
Found 25 stones.
You see here 25 stones.
Things that are here:
a +0 dagger; a +0 hunting sling; 16 stones An adder comes into view.
The adder moves out of view.
A worm comes into view.
Found a stone staircase leading down.
You can't see any susceptible monsters within range! (Use Z to cast anyway.)
You can't see any susceptible monsters within range! (Use Z to cast anyway.)
You freeze the worm.
The worm is lightly wounded.
The worm misses you.
You hit the worm.
The worm is lightly wounded.
You miscast Freeze.
You are very lightly contaminated with residual magic.
Nothing appears to happen.
The worm bites you!
You barely miss the worm. You freeze the worm.
The worm is moderately wounded.
The worm bites you!
* * * LOW HITPOINT WARNING * * *
You are too injured to fight recklessly!
You are too injured to fight recklessly!
Casting: Freeze (safe; 1% risk of failure)
Confirm with . or Enter, or press ? or * to list all spells.
The spell is quite dangerous to cast (6% risk of failure)!
Continue anyway?
Casting: Frozen Ramparts (quite dangerous; 6% risk of failure)
Press: ? - help, Dir - look around, f - activate The walls around you are covered in ice.
The wall freezes the worm.
The worm bites you!
You die...

.# #.#....#≈ .#
#####.#.####. .#
#######.......# #. .#
..............# #.
.###########
.######..##.#.# ##.
.............
#..##.#.###'# ...........
.. #####..##.#......
.#.#######
#.##................ .#.#
.##>w@<###..##........
.#.# #.#######
#..##.###.##. .#)# #.#
#..##..##.##) .#.# #.#
#...≈≈≈...##.
.#.########.#
####..≈...♣..†..
.#........#.##
#.....#≈≈♣.≈.≈..
.########.#..##
#.##≈≈.≈.≈.≈≈≈.. ##
#.....####.##.≈.≈#≈.≈##.#
#
#......##..##≈.♣.≈≈≈.≈..#


You could see a worm.

Vanquished Creatures
  A gnoll (D:1)
  An adder (D:2)
  A worm (D:2)
  4 ball pythons
  3 endoplasms
  A giant cockroach (D:1)
  4 goblins
  3 hobgoblins
  5 kobolds
  4 bats
  A frilled lizard (D:2)
  6 rats
34 creatures vanquished.

Notes
Turn   | Place    | Note
-------+----------+-------------------------------------------
     0 | D:1      | KoroneIsBestGirl the Barachi Ice Elementalist began the
                  | quest for the Orb.
     0 | D:1      | Reached XP level 1. HP: 13/13 MP: 3/3
   338 | D:1      | Reached skill level 5 in Ice Magic
   448 | D:1      | Reached XP level 2. HP: 19/19 MP: 3/5
  1004 | D:1      | Reached XP level 3. HP: 18/24 MP: 4/7
  1008 | D:1      | Learned a level 3 spell: Frozen Ramparts
  1804 | D:2      | Found a faded altar of an unknown god.
  1824 | D:2      | Prayed at the altar of an unknown god.
  1824 | D:2      | Became a worshipper of Vehumet
  1824 | D:2      | Reached * piety under Vehumet
  1824 | D:2      | Offered knowledge of Shock by Vehumet.
  2478 | D:2      | Slain by a worm

Illustrated notes

Levels and vault maps discovered:
D:1:      wander_arrival_peaceful_grave, layout_basic, minmay_tromino_v4_b
D:2:      layout_loops_ring, serial_rivers, chequers_serial_rivers_room_a,
          chequers_serial_rivers_marsh, chequers_serial_rivers_large_a,
          chequers_serial_rivers_micro_a, chequers_serial_rivers_room_b,
          ebering_ecumenical_altar_sacrificial, serial_shops,
          nicolae_shop_competitors_out_of_business

Skill      XL: |  1  2  3 |
---------------+----------+-----
Ice Magic      | 5 |  5.4
Dodging        | 3 |  3.1
Spellcasting   | 3 |  3.0
Stealth        | |  1.7

Action                   || total
-------------------------++-------
Melee: Unarmed           ||     6
       Dagger            ||    20
 Cast: Freeze            ||    49
       Frozen Ramparts   ||     2
Armor: Robe              ||    22
Dodge: Dodged            ||    37

Table legend: (Time is in decaauts)
 A = Elapsed time spent in this place.
 B = Non-inter-level travel time spent in this place.
 C = Inter-level travel time spent in this place.
 D = Time resting spent in this place.
 E = Time spent auto-exploring this place.
 F = Levels seen in this place.
 G = Mean time per level.
                   A        B        C        D        E       F      G
               +--------+--------+--------+--------+--------+-----+--------+
         Total |   2738 |   2608 |    130 |      0 |   2318 |   2 | 1369.0 |
       Dungeon |   2738 |   2608 |    130 |      0 |   2318 |   2 | 1369.0 |
               +--------+--------+--------+--------+--------+-----+--------+

Top non-repeatable levels by time:
     D:1: 1836 daAuts
     D:2: 902 daAuts
